 Seeded DCSS version 0.27-a0-951-gae3e1deef5 (webtiles) character file.

Game seed: 20210412 (custom seed)

30463 Snicker the Covert (level 13, -28/96 HPs)
             Began as a Demonspawn Brigand on Apr 12, 2021.
             Was an Initiate of Gozag.
             Killed from afar by a fire giant (44 damage)
             ... with a fireball
             ... on level 14 of the Dungeon.
             The game lasted 00:40:54 (15625 turns).

Snicker the Covert (Demonspawn Brigand)            Turns: 15625, Time: 00:40:55

Health: -28/96     AC: 23    Str: 16    XL:     13   Next: 20%
Magic:  13/13      EV: 19    Int: 13    God:    Gozag
Gold:   936        SH:  0    Dex: 19    Spells: 7/12 levels left

rFire    . . .     SeeInvis .   a - +5 quick blade (elec)
rCold    . . .     Faith    .   (no shield)
rNeg     . . .     Spirit   .   g - +4 ring mail
rPois    +         Reflect  .   (helmet restricted)
rElec    .         Harm     .   y - +2 cloak {Will+}
rCorr    .         Rampage  .   (no gloves)
Will     +....                  j - +0 pair of boots of Trumpets {+Inv Regen+}
Stlth    ++++++....             (no amulet)
HPRegen  1.26/turn              p - ring of poison resistance
MPRegen  0.13/turn              Q - ring "Paex Det" {AC+4 Str+4 Stlth+}

@: agile, gold aura
A: horns 2, slimy green scales 3, powered by pain 1
a: Renounce Religion, Evoke Invisibility, Potion Petition, Call Merchant, Bribe
Branch


You were on level 14 of the Dungeon.
You worshipped Gozag.
Gozag was pleased with you.
You visited 2 branches of the dungeon, and saw 15 of its levels.
You also visited: Ossuary.

You collected 4318 gold pieces.
You spent 1990 gold pieces at shops.
You paid 1392 gold pieces to Gozag.

Inventory:

Hand Weapons
 a - a +5 quick blade of electrocution (weapon)
 b - a +2 quarterstaff of chaos
 e - a +2 dagger
 n - a +6 dagger of venom
Missiles
 d - 115 poisoned darts
 u - 2 curare-tipped darts
 w - 11 javelins (quivered)
Armour
 g - a +4 ring mail (worn)
 j - the +0 pair of boots of Trumpets (worn) {+Inv Regen+}
   (You bought it in a shop on level 4 of the Dungeon)

   It lets you turn invisible.
   It increases your rate of health regeneration.
 y - a +2 cloak of willpower (worn)
 L - a +0 leather armour of poison resistance
 N - the +2 pair of boots of Makhleb's Hope {rF+ rN+ Int+3 Slay+3}
   (You acquired it on level 7 of the Dungeon)

   It affects your intelligence (+3).
   It affects your accuracy and damage with ranged weapons and melee attacks
   (+3).
   It protects you from fire.
   It protects you from negative energy.
Jewellery
 c - the ring of Understanding {Will+ MP+9}
   (You bought it in a shop on level 12 of the Dungeon)

   [ring of magical power]

   It affects your magic capacity (+9).
   It increases your willpower.
 o - a ring of fire
 p - a ring of poison resistance (left hand)
 A - a ring of flight
 O - a +4 ring of protection
 Q - the ring "Paex Det" (right hand) {AC+4 Str+4 Stlth+}
   (You found it on level 9 of the Dungeon)

   [ring of protection]

   It affects your AC (+4).
   It affects your strength (+4).
   It makes you more stealthy.
 R - a ring of magical power
Wands
 m - a wand of polymorph (10)
 s - a wand of paralysis (10)
 v - a wand of iceblast (7)
 D - a wand of random effects (20)
 F - a wand of mindburst (21)
Scrolls
 f - a scroll of enchant armour
 h - 5 scrolls of fog
 i - 7 scrolls of teleportation
 k - a scroll of silence
 q - a scroll of acquirement
 t - 12 scrolls of identify
 C - a scroll of brand weapon
 K - a scroll of fear
Potions
 l - 4 potions of brilliance
 r - 3 potions of heal wounds {unknown}
 x - 2 potions of haste
 z - a potion of lignification {unknown}
 B - 2 potions of attraction {unknown}
 E - a potion of might
 G - a potion of flight {unknown}
 H - a potion of ambrosia {unknown}
 I - 5 potions of curing
 J - a potion of magic {unknown}
 M - 3 potions of mutation {unknown}
 P - a potion of resistance {unknown}
 S - a potion of cancellation {unknown}


   Skills:
 + Level 7.4 Fighting
 - Level 9.1 Short Blades
 + Level 3.9 Staves
 + Level 2.3 Throwing
 + Level 7.6 Armour
 + Level 5.7 Dodging
 * Level 13.2 Stealth
 + Level 6.5 Translocations
 * Level 4.7 Evocations


You had 7 spell levels left.
You knew the following spells:

 Your Spells              Type           Power      Damage    Failure   Level
a - Blink                 Tloc           N/A        N/A       5%          2
b - Confusing Touch       Hex            0%         N/A       85%         3

Your spell library contained the following spells:

 Spells                   Type           Power      Damage    Failure   Level
 Apportation              Tloc           34%        N/A       3%          1
 Gell's Gravitas          Tloc           8%         N/A       11%         3
 Animate Skeleton         Necr           0%         N/A       47%         1
 Corona                   Hex            0%         N/A       47%         1
 Magic Dart               Conj           0%         1d3       47%         1
 Summon Small Mammal      Summ           0%         N/A       47%         1
 Call Imp                 Summ           0%         N/A       63%         2
 Slow                     Hex            0%         N/A       63%         2
 Conjure Flame            Conj/Fire      0%         6-21      85%         3
 Mephitic Cloud           Conj/Pois/Air  0%         N/A       85%         3
 Petrify                  Tmut/Erth      0%         N/A       99%         4
 Metabolic Englaciation   Hex/Ice        0%         N/A       100%        5
 Yara's Violent Unravell  Hex/Tmut       0%         3d3       100%        5


Dungeon Overview and Level Annotations

Branches:
Dungeon (14/15)            Temple (1/1) D:5            Lair (0/6) D:9
    Orc (0/2) D:11        Ossuary (visited)
 Vaults: D:13-14

Altars:
Cheibriados
Dithmenos
Elyvilon
Fedhas
Gozag
Hepliaklqana
Kikubaaqudgha
Makhleb
Nemelex Xobeh
Okawaru
Ru
Sif Muna
Trog
Uskayaw
Vehumet
Wu Jian
Yredelemnul
Zin
The Shining One

Shops:
D:4 [   D:6 *   D:7 ?   D:8 (   D:12 [*


Innate Abilities, Weirdness & Mutations

You have a pair of horns on your head.
You are completely covered in slimy green scales. (AC +4, rPois)
You sometimes gain a little power by taking damage.


Message History

The fire giant is moderately wounded.
You hit the fire giant but do no damage.
The fire giant is moderately wounded.
The tengu reaver barely misses you.
You hit the fire giant. You headbutt the fire giant.
The fire giant is moderately wounded.
The fire giant casts a spell at you.
The fireball explodes!
The fireball engulfs you!
The fireball engulfs the fire giant.
The fire giant resists.
You hear a shout!
You hear an angry hiss.
You hear a bark!
You hit the fire giant but do no damage.
You headbutt the fire giant, but do no damage.
The fire giant is moderately wounded.
You hit the fire giant but do no damage.
You headbutt the fire giant.
The fire giant is moderately wounded.
The tengu reaver completely misses you. The tengu reaver casts a spell at you.
The bolt of fire hits the fire giant!
The fire giant resists.
The bolt of fire hits you!! The bolt of fire hits you!!!
* * * LOW HITPOINT WARNING * * *
You focus on the pain.
You feel agile all of a sudden.
The bolt of fire hits the fire giant.
The fire giant resists.
Press: ? - help, v - describe, . - travel
Here: a fire giant, wielding a +0 great sword of flaming (heavily wounded)
The floor.
Okay, then.
Unknown command.
Okay, then.
Unknown command.
Okay, then.
Unknown command.
The tengu reaver points at you and mumbles some strange words.
The bolt of fire hits the fire giant.
The fire giant resists.
The bolt of fire misses you. The fire giant casts a spell at you.
The fireball explodes!
The fireball engulfs you!!!
You die...
Your body crumbles into a pile of gold.

.#...♣♣.♣....#
####.##
.#...♣.......#
####.#
.#...........#
#....#
.##........###
#.#### .###########
#.# .########## #.#
........... #.#
###.################
#.#..#.#.#.#..@).#
##.#.#.#.#.#..##.#
#)#.#.#.#.#.#C...#
####.#..#.#.##..##
..#.#.#.#.#....#
#....#.#..#.##Q.##
##### #.#.#.#.}).
#.#..###### #.#..


You could see a fire giant.

Vanquished Creatures
  Josephine (D:13)
  A great orb of eyes (D:14)
  A hydra (D:11)
  A rakshasa (D:14)
  Erolcha (D:13)
  2 centaur warriors
  A catoblepas (D:13)
  3 two-headed ogres
  A tengu warrior (D:13)
  Urug (D:13)
  8 ugly things
  A manticore (D:13)
  3 cyclopes
  A gargoyle (D:12)
  Maggie (D:7)
  An unseen horror (D:12)
  3 kobold demonologists
  A tengu conjurer (D:13)
  A komodo dragon (D:12)
  3 trolls (D:12)
  A hornet (D:9)
  4 slime creatures (D:12)
  Grinder (D:4)
  A shadow (D:12)
  A vampire (D:13)
  7 wraiths
  2 wyverns
  27 yaks
  2 steam dragons
  Menkaure (D:7)
  3 vampire mosquitoes (D:10)
  3 acid dragons
  A water moccasin (D:8)
  Duvessa (D:7)
  5 ice beasts
  4 orc warriors
  2 black bears
  2 sky beasts
  5 ogres
  A hornet zombie (D:8)
  2 necrophages
  14 centaurs
  10 kobold brigands
  4 bullfrogs
  Dowan (D:7)
  7 scorpions (Ossuary)
  A wyvern skeleton (D:6)
  6 killer bees (D:10)
  5 wights
  6 howler monkeys
  2 electric eels
  4 centaur zombies
  3 hounds
  3 human zombies (Ossuary)
  A jelly (D:7)
  6 orc priests
  Crazy Yiuf (D:2)
  A bullfrog skeleton (D:5)
  2 centaur skeletons
  A scorpion zombie (Ossuary)
  2 orc wizards (D:11)
  Terence (D:2)
  2 killer bee zombies
  3 mummies (Ossuary)
  A gnoll (D:7)
  10 adders
  2 shadow imps (D:8)
  A white imp (D:7)
  An ufetubus (D:5)
  A worm (D:2)
  2 dart slugs
  50 orcs
  7 endoplasms
  5 giant cockroaches
  5 goblins
  2 hobgoblins
  16 jackals
  A quokka (D:3)
  2 ball pythons
  8 bats
  2 frilled lizards (D:1)
  2 gnoll zombies (Ossuary)
  A goblin zombie (Ossuary)
  3 hobgoblin zombies (Ossuary)
  81 kobolds
  11 kobold skeletons (D:8)
  9 kobold zombies
  2 orc zombies (Ossuary)
  7 rats
430 creatures vanquished.

Vanquished Creatures (others)
  A goblin zombie (Ossuary)
  An orc zombie (Ossuary)
  33 plants
35 creatures vanquished.

Grand Total: 465 creatures vanquished

Notes
Turn   | Place    | Note
-------+----------+-------------------------------------------
     0 | D:1      | Snicker the Demonspawn Brigand began the quest for the Orb.
     0 | D:1      | Reached XP level 1. HP: 16/16 MP: 1/1
   168 | D:1      | Reached skill level 1 in Dodging
   195 | D:1      | Gained mutation: You are partially covered in slimy green
                  | scales. (AC +2) [demonic ancestry]
   195 | D:1      | Reached XP level 2. HP: 6/22 MP: 2/2
   593 | D:1      | Reached skill level 4 in Stealth
   957 | D:2      | Reached XP level 3. HP: 27/27 MP: 3/3
  1270 | D:2      | Found a runed translucent door.
  1271 | D:2      | Noticed Crazy Yiuf
  1752 | D:2      | Noticed Terence
  1777 | D:2      | Killed Terence
  1778 | D:2      | Reached XP level 4. HP: 15/33 MP: 4/4
  2192 | D:2      | Learned a level 2 spell: Blink
  2198 | D:2      | Paralysed by Crazy Yiuf for 5 turns
  2202 | D:2      | Killed Crazy Yiuf
  2203 | D:2      | Reached skill level 1 in Armour
  2481 | D:3      | Reached skill level 1 in Translocations
  2481 | D:3      | Reached XP level 5. HP: 33/38 MP: 5/5
  2898 | D:3      | Noticed a black bear
  2900 | D:3      | Killed a black bear
  2901 | D:3      | Reached skill level 5 in Stealth
  2934 | D:3      | Gained mutation: You are mostly covered in slimy green
                  | scales. (AC +3) [demonic ancestry]
  2934 | D:3      | Reached XP level 6. HP: 37/44 MP: 6/6
  4101 | D:4      | Found a radiant altar of Vehumet.
  4247 | D:4      | Noticed Grinder
  4262 | D:4      | Killed Grinder
  4340 | D:4      | Found Ahueri's Antique Armour Shoppe.
  4343 | D:4      | Bought a pair of ancient boots for 161 gold pieces
  4343 | D:4      | Identified the +0 pair of boots of Trumpets {+Inv Regen+}
                  | (You bought it in a shop on level 4 of the Dungeon)
  4663 | D:5      | Entered Level 5 of the Dungeon
  4685 | D:5      | Gained mutation: You sometimes gain a little power by
                  | taking damage. [demonic ancestry]
  4685 | D:5      | Reached XP level 7. HP: 47/50 MP: 7/7
  4806 | D:5      | Learned a level 3 spell: Confusing Touch
  5218 | D:5      | Reached skill level 6 in Stealth
  5223 | D:5      | Reached skill level 5 in Short Blades
  5321 | D:5      | Found a staircase to the Ecumenical Temple.
  5327 | Temple   | Entered the Ecumenical Temple
  5543 | D:5      | Gained mutation: You have a pair of small horns on your
                  | head. [demonic ancestry]
  5543 | D:5      | Reached XP level 8. HP: 21/57 MP: 8/8
  6485 | D:6      | Reached skill level 1 in Staves
  6523 | D:6      | Identified a scroll of acquirement
  6523 | D:6      | Acquired 939 gold pieces
  6848 | Temple   | Became a worshipper of Gozag Ym Sagoz the Greedy
  7031 | D:6      | Bought an embroidered cloak for 262 gold pieces
  7079 | D:6      | Reached XP level 9. HP: 60/64 MP: 9/9
  7373 | D:7      | Noticed Duvessa
  7373 | D:7      | Noticed Dowan
  7375 | D:7      | Killed Duvessa
  7376 | D:7      | Reached skill level 7 in Stealth
  7383 | D:7      | Killed Dowan
  7583 | D:7      | Noticed Menkaure
  7588 | D:7      | Killed Menkaure
  7698 | D:7      | Noticed Maggie
  7756 | D:7      | Killed Maggie
  7757 | D:7      | Reached skill level 5 in Armour
  8015 | D:7      | Found Xoleig's Magic Scroll Emporium.
  8376 | D:8      | Found Beexodig's Hydra Hut.
  8394 | D:8      | Noticed a four-headed hydra
  8511 | D:8      | Found a basalt altar of Yredelemnul.
  8528 | D:8      | Reached XP level 10. HP: 71/71 MP: 10/10
  8578 | D:8      | Found a sand-covered staircase.
  8594 | D:8      | Reached skill level 8 in Stealth
  8627 | Ossuary  | Entered an ossuary
  8695 | Ossuary  | Reached skill level 5 in Translocations
  9222 | D:8      | Found an iron altar of Okawaru.
  9305 | D:8      | Found a hazy altar of Hepliaklqana.
  9350 | D:8      | Found a sparkling altar of Nemelex Xobeh.
  9529 | D:8      | Noticed a sixfirhy
  9754 | D:8      | Found an ancient bone altar of Kikubaaqudgha.
  9959 | D:7      | Bought a scroll of acquirement for 676 gold pieces
  9964 | D:7      | Acquired the +2 pair of boots of Makhleb's Hope {rF+ rN+
                  | Int+3 Slay+3}
 10050 | D:9      | Identified the -2 cloak "Plog" {Fly Dex+6}
 10059 | D:9      | Identified the ring "Paex Det" {AC+4 Str+4 Stlth+}
 10210 | D:9      | Found a staircase to the Lair.
 10394 | D:9      | Found a hide-covered altar of Uskayaw.
 10663 | D:10     | Entered Level 10 of the Dungeon
 10862 | D:10     | Reached skill level 9 in Stealth
 10976 | D:10     | Gained mutation: You have a pair of horns on your head.
                  | [demonic ancestry]
 10976 | D:10     | Reached XP level 11. HP: 78/78 MP: 11/11
 11078 | D:10     | Noticed a two-headed ogre
 11090 | D:10     | Killed a two-headed ogre
 11205 | D:7      | Bought a scroll of acquirement for 676 gold pieces
 11206 | D:7      | Acquired a +5 quick blade
 11802 | D:10     | Noticed a two-headed ogre
 11810 | D:10     | Killed a two-headed ogre
 12167 | D:11     | Noticed an eight-headed hydra
 12173 | D:11     | Killed an eight-headed hydra
 12174 | D:11     | Reached skill level 5 in Fighting
 12251 | D:11     | Noticed a green ugly thing
 12267 | D:11     | Killed a green ugly thing
 12534 | D:11     | Reached skill level 10 in Stealth
 12547 | D:11     | Found a staircase to the Orcish Mines.
 12968 | D:12     | Noticed a brown ugly thing
 12995 | D:12     | Killed a brown ugly thing
 13014 | D:12     | Bought a dyed leather armour for 95 gold pieces
 13038 | D:12     | Found Jearchim's Assorted Antiques.
 13091 | D:12     | Reached skill level 1 in Evocations
 13242 | D:12     | Bought a scorched turquoise ring for 120 gold pieces
 13242 | D:12     | Identified the ring of Understanding {Will+ MP+9} (You
                  | bought it in a shop on level 12 of the Dungeon)
 13682 | D:12     | Gained mutation: You are completely covered in slimy green
                  | scales. (AC +4, rPois) [demonic ancestry]
 13682 | D:12     | Reached XP level 12. HP: 87/87 MP: 12/12
 13866 | D:12     | Reached skill level 11 in Stealth
 14465 | D:12     | Noticed a two-headed ogre
 14481 | D:12     | Killed a two-headed ogre
 14482 | D:12     | Reached skill level 5 in Dodging
 14660 | D:13     | Identified the +4 morningstar of Karma {vamp, rC+}
 14722 | D:13     | Noticed a centaur warrior
 14731 | D:13     | Killed a centaur warrior
 14736 | D:13     | Reached skill level 12 in Stealth
 14892 | D:13     | Noticed Erolcha
 14896 | D:13     | Killed Erolcha
 14911 | D:13     | Noticed a catoblepas
 14913 | D:13     | Killed a catoblepas
 15033 | D:13     | Noticed Urug
 15038 | D:13     | Killed Urug
 15079 | D:13     | Noticed Josephine
 15080 | D:13     | Noticed a tengu warrior
 15142 | D:13     | Killed a tengu warrior
 15152 | D:13     | Killed Josephine
 15153 | D:13     | Reached XP level 13. HP: 48/96 MP: 13/13
 15478 | D:14     | Reached skill level 13 in Stealth
 15582 | D:14     | Noticed a tengu reaver
 15606 | D:14     | Noticed a fire giant
 15606 | D:14     | Noticed a fire giant
 15625 | D:14     | Killed from afar by a fire giant

Illustrated notes

Levels and vault maps discovered:
D:1:      shiori_arrival_oz, layout_basic, serial_bayou_pond_d
D:2:      layout_basic, uniq_crazy_yiuf_cottage, uniq_terence
D:3:      minmay_wonky_spiral, layout_loops_ring, roderic_lattice_a,
          serial_park_tiny_2
D:4:      layout_cave_pods, vehumet_crystals, serial_shops, kennysheep_mini,
          uniq_grinder
D:5:      kennysheep_kobold_camp, layout_loops_ring, temple_statues,
          hangedman_minor_gate_pass
D:6:      layout_rooms, tso_metal_star
D:7:      cheibrodos_helix_gallery, layout_cave_pools, serial_shops,
          nicolae_shop_trees, uniq_menkaure, uniq_maggie, uniq_duvessa
D:8:      wander_kiku_kobolds, layout_gridville, lemuel_tele_altar,
          lemuel_doored_altar, nicolae_overflow_hidden_temple,
          overflow_temple_1_default, enter_ossuary_5, doesnt_shop_hydraphobe
D:9:      layout_irregular_city, kennysheep_mini_moat, dpeg_oklobed_lair
D:10:     statuecave_lemuel, layout_loops_ring
D:11:     layout_roguey, hiddenorc2_lemuel, minmay_fountain_box,
          lightli_minifort
D:12:     layout_stronghold, serial_shops, shop
D:13:     layout_basic, uniq_josephine, uniq_urug, uniq_erolcha
D:14:     minmay_tearing_corner, layout_loops_cross, grunt_vaults_entry_tiered,
          chequers_garden, serial_shops, shop, uniq_azrael
Temple:   jpeg_temple_clearing

Skill      XL: |  1  2  3  4  5  6  7  8  9 10 11 12 13 |
---------------+----------------------------------------+-----
Short Blades   | 2 3 4 5 6 7 8 9 |  9.1
Dodging        | 1 2 3 4 5 |  5.7
Stealth        | 4 5 6 7 9 10 12 13 | 13.2
Armour         | 1 2 3 5 6 7 |  7.6
Translocations | 1 2 3 4 5 6 |  6.5
Throwing       | 2 |  2.3
Fighting       | 3 4 5 7 |  7.4
Staves         | 1 2 3 |  3.9
Evocations     | 1 4 |  4.7

Action                   |  1- 3 |  4- 6 |  7- 9 | 10-12 | 13-15 || total
-------------------------+-------+-------+-------+-------+-------++-------
Melee: Dagger            |   166 |   143 |   431 |   367 |       ||  1107
       Quarterstaff      |       |       |    56 |    92 |       ||   148
       Headbutt          |       |       |    72 |   241 |    25 ||   338
       Quick blade       |       |       |       |   525 |   107 ||   632
Throw: Dart              |     1 |     2 |     1 |       |       ||     4
       Javelin           |       |       |     3 |     2 |       ||     5
Invok: Call Merchant     |       |       |     1 |     1 |       ||     2
 Abil: Evoke Invisibilit |       |       |       |     1 |       ||     1
Evoke: Wand              |       |       |       |     1 |       ||     1
  Use: Potion            |       |     4 |     1 |     1 |       ||     6
       Scroll            |       |       |     2 |    17 |       ||    19
 Stab: Sleeping          |     9 |     5 |     9 |    26 |     1 ||    50
       Distracted        |     1 |       |     7 |    11 |       ||    19
       Paralysed         |       |       |       |     4 |       ||     4
       Invisible         |       |       |       |     9 |       ||     9
Armor: Robe              |    26 |       |       |       |       ||    26
       Ring mail         |    70 |    49 |   194 |   300 |    12 ||   625
Dodge: Dodged            |   100 |    68 |   207 |   392 |    19 ||   786

Table legend: (Time is in decaauts)
 A = Elapsed time spent in this place.
 B = Non-inter-level travel time spent in this place.
 C = Inter-level travel time spent in this place.
 D = Time resting spent in this place.
 E = Time spent auto-exploring this place.
 F = Levels seen in this place.
 G = Mean time per level.
                   A        B        C        D        E       F      G
               +--------+--------+--------+--------+--------+-----+--------+
         Total |  14907 |  13849 |   1058 |   1455 |   9012 |  16 |  931.7 |
       Dungeon |  14279 |  13347 |    932 |   1455 |   8858 |  14 | 1019.9 |
        Temple |    191 |     65 |    126 |      0 |     64 |   1 |  191.0 |
       Ossuary |    436 |    436 |      0 |      0 |     90 |   1 |  436.0 |
               +--------+--------+--------+--------+--------+-----+--------+

Top non-repeatable levels by time:
     D:5: 1887 daAuts
     D:2: 1525 daAuts
    D:12: 1473 daAuts
     D:3: 1382 daAuts
     D:7: 1372 daAuts
     D:8: 1120 daAuts
    D:10: 910 daAuts
     D:1: 899 daAuts
     D:4: 835 daAuts
     D:9: 747 daAuts
    D:11: 722 daAuts
    D:13: 677 daAuts
     D:6: 552 daAuts
 Ossuary: 436 daAuts
  Temple: 191 daAuts
